 Dungeon Crawl Stone Soup version 0.30.0-19-g36f170ea60 (webtiles) character file.

Game seed: 3282438882803664407

398 IndexError the Changer (level 6, 0/47 HPs)
             Began as a Draconian Transmuter on May 26, 2023.
             Splashed by a jelly's acid (9 damage)
             ... on level 5 of the Dungeon.
             The game lasted 00:06:45 (4848 turns).

IndexError the Changer (Draconian Transmuter)       Turns: 4848, Time: 00:06:45

Health: 0/47       AC: -6    Str: 12    XL:     6   Next: 53%
Magic:  5/9        EV: 19    Int: 15    God:
Gold:   213        SH:  0    Dex: 17    Spells: 3/9 levels left

rFire   . .          .
                       - Unarmed
rCold   + . .        (shield currently unavailable)
rNeg    . . .        (body armour unavailable)
rPois   x            (helmet currently unavailable)
rElec   .            n - melded +0 cloak
rCorr   .            (gloves currently unavailable)
SInv    .            (boots currently unavailable)
Will    .....        (no amulet)
Stlth   ++           f - ring of protection from cold {rC+, !d}
HPRegen 0.27/turn    (no ring)
MPRegen 0.11/turn

%: no passive effects
@: spider-form, corroded
A: venomous fangs, AC +6, tiny, unfitting armour, (cold-blooded)
a: End Transformation


You were on level 5 of the Dungeon.
You were a venomous arachnid creature.
You visited 1 branch of the dungeon, and saw 5 of its levels.

You collected 213 gold pieces.

Inventory:

Armour
 n - a +0 cloak (melded)
   (You took it off Crazy Yiuf on level 3 of the Dungeon)
Magical Staves
 b - a staff of death {rN+}
   (You found it on level 1 of the Dungeon)
Jewellery
 f - a ring of protection from cold (left front pincers) {rC+, !d}
   (You found it on level 1 of the Dungeon)
Scrolls
 c - a scroll of summoning {unknown}
 d - 5 scrolls of identify {unknown}
 h - 5 scrolls of fear {unknown}
 i - a scroll of amnesia {unknown}
 k - a scroll of immolation {unknown}
 l - 2 scrolls of teleportation {unknown}
 o - a scroll of silence {unknown}
 q - a scroll of enchant weapon {unknown}
 r - a scroll of enchant armour {unknown}
Potions
 a - a potion of lignification {!q}
 e - 2 potions of might {unknown}
 g - 2 potions of magic {unknown}
 j - 2 potions of brilliance {unknown}
 m - a potion of resistance {unknown}
 p - 2 potions of haste {unknown}
 s - a potion of curing
 t - a potion of degeneration {unknown}


   Skills:
 - Level 1.1 Fighting
 - Level 1.7 Dodging
 - Level 3.4 Unarmed Combat
 - Level 2.0 Spellcasting
 + Level 5.3 Transmutations
 - Level 4.0 Poison Magic


You had 3 spell levels left.
You knew the following spells:

 Your Spells              Type           Power      Damage    Failure   Level
a - Beastly Appendage     Tmut           34%        N/A       10%         1
b - Wereblood             Tmut           17%        N/A       12%         2
c - Spider Form           Tmut/Pois      15%        N/A       24%         3

Your spell library contained the following spells:

 Spells                   Type           Power      Damage    Failure   Level
 Shock                    Conj/Air       4%         1d3       43%         1
 Blink                    Tloc           2%         N/A       54%         2
 Ensorcelled Hibernation  Hex/Ice        2%         N/A       54%         2
 Lesser Beckoning         Tloc           2%         N/A       54%         2
 Momentum Strike          Conj/Tloc      2%         3d8       54%         2
 Swiftness                Air            1%         N/A       75%         3
 Ice Form                 Ice/Tmut       9%         N/A       78%         4
 Airstrike                Air            0%         2d(1-17)  98%         4
 Anguish                  Hex/Necr       0%         N/A       98%         4


Dungeon Overview and Level Annotations

Branches:
Dungeon (5/15)
 Temple: D:4-7

Altars:
Yredelemnul

Annotations:
D:3 1 runed translucent door, MrZuerg's ghost, amateur HuFi
D:5 Edmund


Innate Abilities, Weirdness & Mutations

You are a venomous arachnid creature.
You have venomous fangs.
You are tiny and dextrous.
Your spellcasting is less reliable in this form.
Your armour is entirely melded.
You are incapable of wielding weapons or throwing items.
((Your plain brown scales are hard. (AC +6)))
You cannot fit into any form of body armour.
((You are cold-blooded and may be slowed by cold attacks.))


Message History

You hit the ogre. The ogre misses you.
You hit the ogre.
The ogre is poisoned.
You hit the ogre.
The ogre looks as sick as possible!
The ogre closely misses you.
You hit the ogre.
The ogre looks as sick as possible!
You barely miss the ogre. The ogre closely misses you.
You hit the ogre but do no damage.
The ogre looks as sick as possible!
The ogre misses you.
You hit the ogre.
The ogre looks as sick as possible!
You hit the ogre but do no damage.
The ogre looks as sick as possible!
The ogre misses you.
You hit the ogre.
Your Transmutations skill increases to level 5!
You have reached level 6!
Your scales feel tougher.
Health restored: 47 No target in view!
You hiss as the wereblood boils in your veins!
Your primal bloodlust is almost over.
You hiss as the wereblood boils in your veins!
Your transformation is almost over.
Your primal bloodlust has ended.
Your transformation has ended.
Your +0 cloak unmelds from your body.
You regained 2 mp, and now have 6/9 mp.
A scorpion comes into view.
The scorpion moves out of view.
MP restored: 9 A scorpion is nearby!
Casting: Spider Form (dangerous; 11% risk of failure)
Confirm with . or Enter, or press ? or * to list all spells.
You miscast Spider Form.
You are very lightly contaminated with residual magic.
Nothing appears to happen.
You now have 6/9 mp.
You hit the scorpion.
You tail-slap the scorpion, but do no damage.
The scorpion closely misses you.
You barely miss the scorpion. The scorpion stings you.
You are poisoned.
The scorpion poisons you!
You take 1 damage, and have 46/47 hp.
You barely miss the scorpion.
You feel sick.
The scorpion stings you but does no damage.
You take 2 damage, and have 44/47 hp.
You hit the scorpion but do no damage.
You feel sick. The scorpion misses you.
You take 1 damage, and have 43/47 hp.
Casting: Spider Form (dangerous; 11% risk of failure)
Confirm with . or Enter, or press ? or * to list all spells.
You turn into a venomous arachnid creature.
Your +0 cloak melds into your body.
You feel sick. The scorpion closely misses you. The scorpion misses you.
You take 1 damage, and have 42/47 hp.
You now have 3/9 mp.
You hit the scorpion but do no damage.
You feel sick. The scorpion stings you.
You take 4 damage, and have 38/47 hp.
You hit the scorpion but do no damage.
The scorpion is poisoned.
You feel sick. The scorpion closely misses you.
You take 1 damage, and have 37/47 hp.
You hit the scorpion.
The scorpion looks as sick as possible!
You feel sick. The scorpion stings you.
You take 6 damage, and have 31/47 hp.
You hit the scorpion but do no damage.
The scorpion looks as sick as possible!
You feel sick.
You are no longer poisoned.
Your magical contamination has completely faded away.
Training target 4.0 for Poison Magic reached!
Your Poison Magic skill increases to level 4!
You take 1 damage, and have 30/47 hp.
You see here a scorpion corpse.
Your transformation is almost over.
Your transformation has ended.
Your +0 cloak unmelds from your body.
You regained 5 hp, and now have 36/47 hp.
You regained 2 mp, and now have 6/9 mp.
A jelly comes into view.
You regained 3 hp, and now have 39/47 hp.
A jelly is nearby!
Casting: Spider Form (dangerous; 10% risk of failure)
Confirm with . or Enter, or press ? or * to list all spells.
You turn into a venomous arachnid creature.
Your +0 cloak melds into your body.
The jelly quivers.
You now have 4/9 mp.
A jelly is nearby!
The jelly hits you.
You are splashed with acid!
You take 11 damage, and have 28/47 hp.
MASSIVE DAMAGE!!
You are too injured to fight recklessly!
You are too injured to fight recklessly!
You hit the jelly.
Your front pincers burn!
The jelly hits you but does no damage.
You take 5 damage, and have 23/47 hp.
You hit the jelly but do no damage.
Your front pincers burn!
The jelly hits you. The acid corrodes you!
You are splashed with acid.
* * * LOW HITPOINT WARNING * * *
You take 10 damage, and have 13/47 hp.
MASSIVE DAMAGE!!
You hit the jelly but do no damage.
Your front pincers burn!
* * * LOW HITPOINT WARNING * * *
The jelly hits you.
* * * LOW HITPOINT WARNING * * *
The acid corrodes you!
You are splashed with acid!
You die...

##.###.... ###.#.....
#..#........#.. ### ....
##....#.........# ....
#............#... .....
##...........#..# ..# .
#.......>.......# ##.##
#..#........##..######...##
#..###.....J......##......##
#...###..##s#.........##.##.
###......#†.#...#....###....
##..†.........##...# #....
#######.......#...#....# #....
#..#..#)...####......††###....
#.....#....# #...####..##....
#..#...##..# ##### #........
#..##.###..# ###...#.#
#..........## ####..###


You could see a jelly.

Vanquished Creatures
  An ogre (D:5)
  2 scorpions (D:5)
  Crazy Yiuf (D:3)
  A sleepcap (D:4)
  2 adders
  2 worms (D:3)
  3 dart slugs
  14 orcs
  6 endoplasms
  4 giant cockroaches (D:3)
  6 goblins
  6 hobgoblins
  4 jackals (D:5)
  11 kobolds
  3 quokkas
  8 ball pythons
  11 bats
  2 frilled lizards
  7 rats
94 creatures vanquished.

Notes
Turn   | Place    | Note
-------+----------+-------------------------------------------
     0 | D:1      | IndexError the Draconian Transmuter began the quest for the
                  | Orb.
     0 | D:1      | Reached XP level 1. HP: 16/16 MP: 3/3
   221 | D:1      | Reached XP level 2. HP: 23/23 MP: 1/5
   586 | D:1      | Reached skill level 3 in Transmutations
   655 | D:1      | Reached XP level 3. HP: 27/28 MP: 4/6
   926 | D:2      | Learned a level 2 spell: Wereblood
   930 | D:2      | Learned a level 3 spell: Spider Form
  1887 | D:3      | Identified the +0 dagger of the Mauling Seer {freeze, Fly
                  | rN+ Str-5 Int+3}
  1921 | D:3      | Reached skill level 1 in Poison Magic
  2060 | D:3      | Found a runed translucent door.
  2079 | D:3      | Noticed MrZuerg's ghost (amateur HuFi)
  2131 | D:3      | Reached XP level 4. HP: 35/35 MP: 3/7
  2251 | D:3      | Found a basalt altar of Yredelemnul.
  2993 | D:3      | Found a runed translucent door.
  2994 | D:3      | Noticed Crazy Yiuf
  3005 | D:3      | Killed Crazy Yiuf
  3006 | D:3      | Reached skill level 4 in Transmutations
  3006 | D:3      | Reached skill level 2 in Poison Magic
  3232 | D:4      | Reached XP level 5. HP: 13/40 MP: 5/8
  4407 | D:5      | Entered Level 5 of the Dungeon
  4407 | D:5      | Noticed Edmund
  4663 | D:5      | Reached skill level 3 in Poison Magic
  4721 | D:5      | Noticed an ogre
  4746 | D:5      | Killed an ogre
  4747 | D:5      | Reached skill level 5 in Transmutations
  4747 | D:5      | Reached XP level 6. HP: 47/47 MP: 4/9
  4812 | D:5      | Reached skill level 4 in Poison Magic
  4848 | D:5      | HP: 10/47 [acid (3)]
  4848 | D:5      | Splashed by a jelly's acid

Illustrated notes

Levels and vault maps discovered:
D:1:      ncdulo_watergridlock, layout_basic, minmay_3d_cube
D:2:      layout_basic, grunt_decor_arrowhead
D:3:      layout_loops_corners, amcnicky_altar_gilded,
          ebering_ghost_reflecting_pool, uniq_crazy_yiuf_cottage
D:4:      layout_basic
D:5:      layout_cave_pools, uniq_edmund

Skill      XL: |  1  2  3  4  5  6 |
---------------+-------------------+-----
Transmutations | 3 4 5 |  5.3
Poison Magic   | 1 2 3 4 |  4.0
Fighting       | |  1.1
Dodging        | |  1.7
Unarmed Combat | |  3.4
Spellcasting   | |  2.0

Action                     |  1- 3 |  4- 6 || total
---------------------------+-------+-------++-------
  Melee: Unarmed           |   130 |   127 ||   257
         Kick              |    21 |     7 ||    28
         Headbutt          |    12 |     7 ||    19
         Tailslap          |     3 |     5 ||     8
         Punch             |     3 |     2 ||     5
   Cast: Beastly Appendage |    42 |    11 ||    53
         Spider Form       |     1 |    11 ||    12
         Wereblood         |       |     1 ||     1
   Stab: Sleeping          |     1 |       ||     1
 Armour: Skin              |    39 |    13 ||    52
  Dodge: Dodged            |    90 |    57 ||   147

Levels and vault maps discovered:
D:1:      ncdulo_watergridlock, layout_basic, minmay_3d_cube
D:2:      layout_basic, grunt_decor_arrowhead
D:3:      layout_loops_corners, amcnicky_altar_gilded,
          ebering_ghost_reflecting_pool, uniq_crazy_yiuf_cottage
D:4:      layout_basic
D:5:      layout_cave_pools, uniq_edmund

Table legend: (Time is in decaauts)
 A = Elapsed time spent in this place.
 B = Non-inter-level travel time spent in this place.
 C = Inter-level travel time spent in this place.
 D = Time resting spent in this place.
 E = Time spent auto-exploring this place.
 F = Levels seen in this place.
 G = Mean time per level.
                   A        B        C        D        E       F      G
               +--------+--------+--------+--------+--------+-----+--------+
         Total |   4833 |   4458 |    375 |      0 |   3804 |   5 |  966.6 |
       Dungeon |   4833 |   4458 |    375 |      0 |   3804 |   5 |  966.6 |
               +--------+--------+--------+--------+--------+-----+--------+

Top non-repeatable levels by time:
     D:4: 1319 daAuts
     D:3: 1194 daAuts
     D:2: 1051 daAuts
     D:1: 902 daAuts
     D:5: 365 daAuts

Table legend:
 A = Kills in this place as a percentage of kills in the entire game.
 B = Kills by you in this place as a percentage of kills by you in the entire game.
 C = Kills by friends in this place as a percentage of kills by friends in the entire game.
 D = Other kills in this place as a percentage of other kills in the entire game.
 E = Experience gained in this place as a percentage of experience gained in the entire game.
 F = Experience gained in this place divided by the number of levels of this place that you have seen.
                   A       B       C       D       E      F
               +-------+-------+-------+-------+-------+----------------------
         Total | 100.0 | 100.0 |   N/A |   N/A | 100.0 | 113.8
       Dungeon | 100.0 | 100.0 |   N/A |   N/A | 100.0 | 113.8
               +-------+-------+-------+-------+-------+----------------------
